Map: Ever Dream LE

Players

ViBE

  • Race: Terran Terran
  • League: Grandmaster
  • Spawn Location: 1:00

A.I. 2 (Medium) - Winner!

  • Race: Zerg Zerg
  • Spawn Location: 7:00

VOD

Have the link to the VOD?

Description

Time

  • Played on: June 5, 2020, 5:20 p.m.
  • Length: 10:55
Show
View Real Time Build Order
Export as new Build Order

ViBE Terran 

Build Orders: 2 Factory, Mech 

Get SALT Encoding   

  12  0:00  SCV  
  13  0:13  SCV  
  14  0:17  Supply Depot  
  14  0:25  SCV  
  15  0:31  Refinery  
  15  0:39  SCV  
  16  0:44  Barracks  
  16  0:51  SCV  
  17  1:03  SCV  
  18  1:15  SCV  
  19  1:27  SCV  
  20  1:33  Factory  
  20  1:42  Orbital Command  
  20  1:47  Supply Depot  
  20  1:51  Barracks Tech Lab  
  20  1:54  Refinery  
  21  2:08  SCV  
  21  2:20  SCV  
  22  2:25  Siege Tank  
  22  2:29  Command Center  
  26  2:37  SCV  
  26  2:46  Factory  
  26  2:49  SCV  
  27  2:52  Barracks Reactor  
  27  3:01  Supply Depot, SCV  
  28  3:13  SCV  
  29  3:23  Siege Tank, Supply Depot  
  29  3:25  SCV  
  33  3:37  Hellion x2, SCV  
  38  3:46  Orbital Command  
  38  3:47  Supply Depot  
  38  3:54  Armory  
  38  3:57  Siege Tank  
  41  4:06  Orbital Command  
  41  4:07  Hellion, SCV  
  41  4:09  Hellion  
  46  4:18  Engineering Bay  
  46  4:21  SCV  
  47  4:30  Siege Tank  
  50  4:38  SCV x2  
  50  4:44  Hellion x2  
  56  4:49  Missile Turret  
  56  4:52  Missile Turret  
  56  4:54  SCV x2  
  58  5:06  SCV x2  
  60  5:12  Thor  
  66  5:18  SCV  
  66  5:19  Supply Depot, SCV  
  68  5:24  Supply Depot  
  68  5:34  Command Center  
  68  5:38  SCV  
  68  5:39  SCV  
  70  5:45  Refinery  
  70  5:47  Refinery, Hellion x2  
  70  5:49  Terran Vehicle Weapons Level 1  
  74  5:51  SCV x2  
  76  6:03  Thor, SCV x2  
  84  6:09  Hellion  
  86  6:24  Armory  
  86  6:35  Supply Depot  
  86  6:38  Supply Depot, Hellion, SCV x2  
  90  6:43  Supply Depot  
  94  6:50  Hellion, SCV x2  
  94  6:51  Thor  
  94  6:52  Orbital Command  
  100  7:02  SCV  
  100  7:04  SCV  
  102  7:13  Terran Vehicle And Ship Armor Level 1  
  102  7:14  SCV  
  103  7:16  SCV  
  105  7:26  SCV  
  105  7:28  SCV  
  105  7:29  Hellion x2  
  110  7:32  Command Center  
  110  7:33  Orbital Command  
  110  7:35  Hellbat  
  112  7:38  SCV  
  112  7:40  SCV  
  114  7:50  Hellbat, SCV  
  117  7:51  Factory  
  117  7:52  Factory x2, SCV  
  118  8:02  SCV  
  118  8:03  SCV  
  118  8:04  Thor  
  118  8:05  Hellbat, SCV  
  129  8:14  SCV  
  129  8:15  SCV  
  129  8:17  SCV  
  132  8:22  Terran Vehicle Weapons Level 2  
  132  8:27  SCV  
  133  8:29  Refinery x2  
  133  8:33  SCV x2  
  133  8:34  Supply Depot x3  
  135  8:38  Supply Depot  
  135  8:39  SCV  
  136  8:42  Factory Tech Lab x2  
  136  8:43  Factory Reactor  
  136  8:47  Command Center  
  136  8:55  Thor  
  144  8:56  Hellbat x2  
  144  9:01  Planetary Fortress  
  146  9:06  Thor x2  
  146  9:08  SCV  
  146  9:09  SCV x2  
  161  9:20  SCV  
  161  9:21  Supply Depot, SCV x2  
  161  9:22  Supply Depot  
  161  9:23  Supply Depot  
  164  9:25  Supply Depot  
  164  9:30  Hellbat x2  
  164  9:31  Hellbat x2  
  172  9:43  Refinery, SCV x3  
  172  9:44  Refinery  
  172  9:45  Thor  
  181  9:49  Thor  
  181  9:51  Hellbat  
  181  9:52  Hellbat  
  191  9:55  Hellbat x2  
  191  9:58  Hellbat  
  191  9:59  SCV  
  198  10:00  SCV x2  
  200  10:08  Command Center  
Show
View Real Time Build Order
Export as new Build Order

A.I. 2 (Medium) Zerg - Winner!

Build Orders: 1 Base Baneling Bust, Pool First 

Get SALT Encoding   

  12  0:01  Drone  
  13  0:12  Overlord  
  13  0:16  Drone  
  14  0:30  Drone  
  14  0:33  Drone  
  16  0:43  Spawning Pool  
  16  0:44  Drone  
  16  0:48  Drone  
  17  0:51  Extractor  
  17  0:55  Drone  
  17  1:06  Overlord  
  17  1:29  Queen  
  17  1:31  Zergling x2  
  20  1:35  Roach Warren  
  20  1:36  Extractor  
  20  1:38  Drone  
  19  1:45  Zergling x2  
  20  1:49  Drone  
  21  1:59  Overlord  
  21  2:11  Drone  
  22  2:21  Roach  
  24  2:36  Roach, Overlord  
  26  2:50  Roach  
  28  2:59  Drone  
  28  3:04  Roach, Drone  
  32  3:13  Overlord  
  32  3:16  Drone  
  32  3:18  Roach  
  35  3:21  Drone  
  36  3:28  Drone  
  37  3:38  Baneling Nest  
  37  3:39  Roach, Drone  
  39  3:42  Drone  
  39  3:46  Evolution Chamber  
  40  3:48  Drone  
  40  3:54  Roach  
  42  4:08  Zergling x2  
  42  4:22  Roach  
  44  6:17  Lair, Overlord, Drone  
  45  6:18  Spore Crawler  
  45  6:20  Drone  
  45  6:21  Spore Crawler  
  45  6:23  Evolution Chamber, Drone  
  45  6:24  Hatchery  
  43  6:35  Drone  
  43  6:38  Drone  
  45  6:44  Spine Crawler  
  45  6:45  Drone  
  45  6:46  Spine Crawler  
  44  6:48  Drone  
  45  6:57  Zergling x2  
  28  7:09  Roach  
  28  7:14  Overseer, Queen  
  28  7:15  Overseer  
  32  7:18  Hydralisk Den, Drone  
  32  7:20  Roach  
  32  7:21  Infestation Pit  
  32  7:22  Spire  
  32  7:23  Drone  
  33  7:32  Roach  
  33  7:36  Drone, Queen  
  36  7:38  Spore Crawler  
  36  7:39  Drone  
  36  7:42  Drone  
  36  7:43  Roach, Spore Crawler  
  40  7:45  Spore Crawler, Drone  
  40  7:48  Drone  
  40  7:51  Drone  
  42  7:54  Drone  
  42  7:55  Roach  
  42  7:56  Drone  
  46  7:59  Drone  
  46  8:02  Drone  
  46  8:05  Drone  
  49  8:06  Roach  
  49  8:08  Drone  
  49  8:11  Drone  
  53  8:18  Overlord  
  53  8:20  Spine Crawler, Hydralisk  
  53  8:25  Spine Crawler  
  53  8:28  Drone  
  53  8:31  Hydralisk, Drone  
  57  8:34  Drone  
  57  8:37  Drone  
  57  8:40  Drone  
  60  8:43  Hydralisk, Drone  
  60  8:46  Drone  
  64  8:49  Drone  
  64  8:52  Drone  
  64  8:53  Overlord  
  66  8:57  Hydralisk, Drone  
  69  9:44  Extractor  
  68  9:48  Extractor  
  67  10:07  Drone  
  67  10:10  Drone  
  67  10:13  Drone  
  70  10:16  Drone  
  71  10:41  Overseer  
Tags
 
Add a new tag
Caveats
  • Supply blocks, unpowered buildings, or Contaminate may cause inaccurate times.
  • Supply counts are checked every 10 seconds.